 Dungeon Crawl Stone Soup version 0.18-a0-1120-g03bd624 (webtiles) character file.

416 wvc the Poker (level 6, -9/52 HPs)
             Began as a Naga Warper on Jan 17, 2016.
             Mangled by an ogre
             ... wielding a +0 giant spiked club
              (18 damage)
             ... on level 4 of the Dungeon.
             The game lasted 00:07:47 (4450 turns).

wvc the Poker (Naga Warper)                         Turns: 4450, Time: 00:07:48

Health: -9/52      AC: 11    Str: 13    XL:     6   Next: 92%
Magic:  9/9        EV:  5    Int: 15    God:
Gold:   190        SH:  0    Dex: 11    Spells: 3 memorised, 4 levels left

rFire  . . .     SeeInvis +     m - +0 war axe (venom)
rCold  + . .     Gourm    .     g - +1 scale mail {rC+}
rNeg   . . .     Faith    .     (no shield)
rPois  +         Spirit   .     j - +0 helmet
rElec  .         Dismiss  .     (no cloak)
rCorr  .         Reflect  .     (no gloves)
SustAt .         Harm     .     d - +0 naga barding
MR     .....                    (no amulet)
Stlth  ..........               (no ring)
                                (no ring)

@: short of breath, very slightly contaminated, invisible, very slow, not
resistant to hostile enchantments, extremely unstealthy
A: see invisible, deformed body, poison resistance, slowness 2, slow metabolism
1, spit poison 2, AC +2
a: Spit Poison


You were on level 4 of the Dungeon.
You were not hungry.

You visited 1 branch of the dungeon, and saw 4 of its levels.
You also visited: Sewer.

You collected 190 gold pieces.

Inventory:

Hand Weapons
 a - a +0 spear
 m - a +0 war axe of venom (weapon)
Missiles
 e - 5 tomahawks of dispersal
 q - 7 javelins (quivered)
Armour
 d - a +0 naga barding (worn)
 g - a +1 scale mail of cold resistance (worn)
 j - a +0 helmet (worn)
Wands
 b - a wand of draining (4/15)
Scrolls
 r - a scroll of fear
Potions
 h - a potion of might
 i - a potion of flight
 k - 2 potions of lignification
 n - 2 potions of brilliance
 s - a potion of heal wounds {unknown}
Books
 c - a book of Spatial Translocations

   Spells                             Type                      Level
   a - Apportation                    Translocation                1
   b - Blink                          Translocation                2
   c - Shroud of Golubria             Charms/Translocation         2
   d - Portal Projectile              Translocation                3
   e - Teleport Other                 Translocation                3
   f - Passage of Golubria            Translocation                4
 o - a book of Fire

   Spells                             Type                      Level
   a - Ignite Poison                  Fire/Transmutation/Poison    3
   b - Fireball                       Conjuration/Fire             5
   c - Bolt of Fire                   Conjuration/Fire             6
   d - Delayed Fireball               Conjuration/Fire             7
   e - Ring of Flames                 Charms/Fire                  7
Comestibles
 f - 3 bread rations
 l - 3 meat rations


   Skills:
 - Level 2.0 Fighting
 + Level 3.3(5.1) Axes
 - Level 6.2(6.6) Polearms
 - Level 0.8 Throwing
 - Level 0.7 Armour
 - Level 1.5 Dodging
 - Level 2.0 Spellcasting
 - Level 3.0 Translocations


You had 4 spell levels left.
You knew the following spells:

 Your Spells              Type           Power        Failure   Level  Hunger
a - Apportation           Tloc           ##........   30%         1    #......
b - Blink                 Tloc           N/A          47%         2    ###....
c - Shroud of Golubria    Chrm/Tloc      #.........   83%         2    ###....


Dungeon Overview and Level Annotations

Branches:
Dungeon (4/15)             Temple (0/1) D:4

Altars:
Dithmenos
Kikubaaqudgha
Makhleb
Nemelex Xobeh
Ru
Trog
Zin


Innate Abilities, Weirdness & Mutations

You cannot wear boots.
Your serpentine skin is tough (AC +2).
You have supernaturally acute eyesight.
Armour fits poorly on your strangely shaped body.
Your system is resistant to poisons.
You cover ground very slowly.
You have a slow metabolism.
You can spit poison.


Message History

The ogre hits you with a giant spiked club!
You hit the ogre.
The ogre is poisoned.
The ogre is lightly wounded.
The ogre hits you with a giant spiked club!!
* * * LOW HITPOINT WARNING * * *
You are too injured to fight recklessly!
You are too injured to fight recklessly!
Press: ? - help, Shift-Dir - straight line, f - ogre
Aim: an ogre, wielding a giant spiked club (lightly wounded, poisoned)
The splash of poison hits the ogre.
The ogre looks even sicker.
The ogre is moderately wounded.
You feel slightly more hungry.
Drink which item? (? for menu, Esc to quit)
You fade into invisibility!
The ogre barely misses you.
You are very lightly contaminated with residual magic.
You barely miss the ogre.
The ogre is moderately wounded.
The ogre hits you with a giant spiked club!!
You die...

#≈#≈≈#≈###
#≈#≈##≈≈≈# #.#
#≈#≈##≈#≈# #.##
#≈#≈≈#≈#≈# ....
#≈##≈#≈#≈# #.#.
#≈≈≈≈#≈#≈# #.#.
####≈#≈#≈# #.#.
#≈≈≈≈≈≈#.# #.#.
#@########## #.#.
#≈O≈≈≈≈≈≈≈.# #...
#####≈#≈#≈≈.######.
...≈≈≈≈≈.≈.......†.
.....≈....%##.#####
............#...#
#..........##.>..#
#..........##....#
#########.######..


You could see an ogre.

Vanquished Creatures
  Sigmund (D:3)
  An ogre (D:4)
  A crocodile (Sewer)
  An ooze (D:1)
  3 worms
  8 giant geckos
  5 orcs
  7 bats
  2 giant cockroaches
  8 goblins
  5 hobgoblins
  4 jackals
  A quokka (D:2)
  3 giant newts
  15 kobolds
  5 rats
70 creatures vanquished.

Vanquished Creatures (others)
  A plant (D:2)
1 creature vanquished.

Grand Total: 71 creatures vanquished

Notes
Turn   | Place    | Note
--------------------------------------------------------------
     0 | D:1      | wvc the Naga Warper began the quest for the Orb.
     0 | D:1      | Reached XP level 1. HP: 19/19 MP: 3/3
   162 | D:1      | Reached XP level 2. HP: 10/26 MP: 5/5
   991 | D:1      | Reached XP level 3. HP: 29/32 MP: 6/6
  1256 | D:1      | Learned a level 2 spell: Blink
  1259 | D:1      | Learned a level 2 spell: Shroud of Golubria
  1742 | D:2      | Found a bloodstained altar of Trog.
  2056 | D:2      | Reached skill level 4 in Polearms
  2310 | D:2      | Reached XP level 4. HP: 26/39 MP: 7/7
  3505 | D:3      | Noticed Sigmund
  3510 | D:3      | Killed Sigmund
  3510 | D:3      | Reached skill level 6 in Polearms
  3510 | D:3      | Reached XP level 5. HP: 25/45 MP: 8/8
  3510 | D:3      | Reached XP level 6. HP: 28/52 MP: 9/9
  3662 | D:3      | Found a shadowy altar of Dithmenos.
  3740 | D:3      | Found a sparkling altar of Nemelex Xobeh.
  3743 | D:3      | Found a burning altar of Makhleb.
  3745 | D:3      | Found a glowing silver altar of Zin.
  3746 | D:3      | Found an ancient bone altar of Kikubaaqudgha.
  3982 | D:4      | Found a sacrificial altar of Ru.
  4099 | D:4      | Found a staircase to the Ecumenical Temple.
  4124 | D:4      | Found a glowing drain.
  4132 | Sewer    | Entered a sewer
  4450 | D:4      | Mangled by an ogre

Vault maps used:
D:1:      dpeg_arrival_simpleton_a
D:2:      bloody_trog, kennysheep_cluttered_room, lexackson_kobold_supper
D:3:      minitemple, nicolae_dithmenos_through_a_glass_darkly, uniq_sigmund
D:4:      nicolae_ru_the_path_less_chosen, minmay_temple_entry_butterflies,
          lightli_sewer_entry_pipes, first_bread, uniq_duvessa
Sewer:    sewer_the_crocodile

Action                   |  1- 3 |  4- 6 || total
-------------------------+-------+-------++-------
Melee: Spear             |   175 |    94 ||   269
       War axe           |       |    44 ||    44
Throw: Javelin           |       |     3 ||     3
 Abil: Spit Poison       |     4 |     7 ||    11
  Use: Scroll            |       |    11 ||    11
       Potion            |       |     1 ||     1
  Eat: Chunk             |     1 |     1 ||     2
       Meat ration       |     1 |       ||     1
       Fruit             |       |     5 ||     5
